 Dungeon Crawl Stone Soup version 0.22.1-7-g5c428e7 (webtiles) character file.

606 pop the Sneak (level 7, -1/33 HPs)
             Began as a Spriggan Enchanter on Feb 24, 2019.
             Slain by a mummy (18 damage)
             ... in an ossuary.
             The game lasted 00:09:18 (3596 turns).

pop the Sneak (Spriggan Enchanter)                  Turns: 3596, Time: 00:09:19

Health: -1/33      AC:  5    Str:  5    XL:     7   Next: 19%
Magic:  13/14      EV: 18    Int: 17    God:
Gold:   191        SH:  0    Dex: 17    Spells: 11/14 levels left

rFire    . . .     SeeInvis +   a - +1 dagger (elec)
rCold    . . .     Gourm    .   (shield restricted)
rNeg     . . .     Faith    .   b - +0 robe
rPois    .         Spirit   .   (helmet restricted)
rElec    .         Reflect  .   p - +2 cloak
rCorr    .         Harm     .   (gloves unavailable)
MR       +....                  (boots unavailable)
Stlth    ++++......             (no amulet)
HPRegen  0.11/turn              (no ring)
MPRegen  0.14/turn              (no ring)

@: very quick
A: very small, unfitting armour, see invisible, herbivore, speed 3, slow
metabolism 2
a: no special abilities


You were in an ossuary.
You were not hungry.

You visited 1 branch of the dungeon, and saw 4 of its levels.
You also visited: Ossuary.

You collected 191 gold pieces.

Inventory:

Hand Weapons
 a - a +1 dagger of electrocution (weapon)
 j - a +1 dagger
Missiles
 l - 28 stones (quivered)
Armour
 b - a +0 robe (worn)
 p - a +2 cloak (worn)
Scrolls
 e - a scroll of noise {unknown}
 g - a scroll of remove curse
 i - 2 scrolls of identify
 m - a scroll of fear
Potions
 c - a potion of haste {unknown}
 f - a potion of brilliance {unknown}
 h - a potion of lignification {unknown}
 k - a potion of flight {unknown}
 n - 2 potions of curing
Comestibles
 d - 8 rations


   Skills:
 + Level 1.0 Fighting
 + Level 3.6 Short Blades
 - Level 3.0 Dodging
 + Level 7.8 Stealth
 + Level 4.2 Spellcasting
 + Level 4.8 Hexes
 * Level 2.9 Ice Magic


You had 11 spell levels left.
You knew the following spells:

 Your Spells              Type           Power        Failure   Level  Hunger
a - Corona                Hex            ###....      2%          1    None
b - Ensorcelled Hibernat  Hex/Ice        ###...       4%          2    ##.....

Your spell library contained the following spells:

 Spells                   Type           Power        Failure   Level  Hunger
 Confuse                  Hex            ###.....     6%          3    ###....
 Tukima's Dance           Hex            ###.....     6%          3    ###....
 Dazzling Spray           Conj/Hex       ##....       17%         3    ###....


Dungeon Overview and Level Annotations

Branches:
Dungeon (4/15)
 Temple: D:4-7

Altars:
The Shining One

Portals:
Sewer: D:4

Annotations:
D:4 2 transporters, Robin


Innate Abilities, Weirdness & Mutations

You are very small and have problems with some larger weapons.
You are too small for most types of armour.
You have supernaturally acute eyesight. (SInv)
You are a herbivore.
You cover ground extremely quickly.
You need to consume almost no food.


Message History

Casting: Corona (safe; 2% risk of failure)
Confirm with . or Enter, or press ? or * to list all spells.
Aiming: Corona (safe; 2% risk of failure)
Press: ? - help, Shift-Dir - straight line, f - mummy
Aim: a mummy (chance to defeat MR: 59%)
The mummy is outlined in light.
You hit the mummy.
The mummy is lightly damaged.
You hit the mummy but do no damage. Lightning courses through the mummy!
The mummy is severely damaged.
You hit the mummy but do no damage.
The mummy is severely damaged.
The mummy closely misses you.
You hit the mummy but do no damage.
The mummy is severely damaged.
You hit the mummy but do no damage.
The mummy is severely damaged.
The mummy hits you!!
Ouch! That really hurt!
You die...

### ##.. ##....
### #..... ##..##
..
#.....##....##...
#................
#....M..........
#....@........
#+##........#
##......##
##....## #....#
#.(..# #.(..#
#....# #....#


You could see a mummy.

Vanquished Creatures
  Sigmund (D:3)
  A water moccasin (D:4)
  A sky beast (D:4)
  Crazy Yiuf (D:3)
  Ijyb (D:3)
  A worker ant (D:4)
  Natasha (twice) (D:2)
  4 mummies (Ossuary)
  4 adders
  A worm (D:2)
  2 dart slugs (D:1)
  A leopard gecko (D:1)
  An orc (D:4)
  2 ball pythons
  3 bats
  2 giant cockroaches
  9 goblins
  6 hobgoblins
  2 jackals (D:2)
  2 quokkas
  6 frilled lizards
  A gnoll zombie (Ossuary)
  3 hobgoblin zombies (Ossuary)
  4 kobolds
  A kobold zombie (Ossuary)
  3 orc zombies (Ossuary)
  5 rats
70 creatures vanquished.

Notes
Turn   | Place    | Note
-------+----------+-------------------------------------------
     0 | D:1      | pop the Spriggan Enchanter began the quest for the Orb.
     0 | D:1      | Reached XP level 1. HP: 9/9 MP: 5/5
   863 | D:1      | Reached XP level 2. HP: 11/13 MP: 5/7
   911 | D:1      | Learned a level 2 spell: Ensorcelled Hibernation
  1733 | D:2      | Reached XP level 3. HP: 16/16 MP: 5/8
  2051 | D:2      | Reached skill level 5 in Stealth
  2481 | D:2      | Noticed Natasha
  2487 | D:2      | Killed Natasha
  2487 | D:2      | Reached skill level 1 in Ice Magic
  2487 | D:2      | Reached XP level 4. HP: 13/21 MP: 2/9
  2588 | D:2      | Found a glowing golden altar of the Shining One.
  2609 | D:2      | Noticed Natasha
  2614 | D:2      | Killed Natasha
  2900 | D:3      | Noticed Ijyb
  2908 | D:3      | Killed Ijyb
  2908 | D:3      | Reached XP level 5. HP: 25/25 MP: 4/11
  3002 | D:3      | Noticed Sigmund
  3010 | D:3      | Killed Sigmund
  3010 | D:3      | Reached skill level 6 in Stealth
  3010 | D:3      | Reached XP level 6. HP: 19/29 MP: 6/12
  3246 | D:3      | Found a runed door.
  3250 | D:3      | Noticed Crazy Yiuf
  3270 | D:3      | Killed Crazy Yiuf
  3367 | D:4      | Found a transporter.
  3368 | D:4      | Noticed a water moccasin
  3372 | D:4      | Noticed a sky beast
  3374 | D:4      | Killed a water moccasin
  3374 | D:4      | Reached skill level 7 in Stealth
  3379 | D:4      | Killed a sky beast
  3379 | D:4      | Reached skill level 1 in Fighting
  3379 | D:4      | Reached XP level 7. HP: 33/33 MP: 10/14
  3393 | D:4      | Noticed Robin
  3427 | D:4      | Found a transporter.
  3452 | D:4      | Found a glowing drain.
  3481 | D:4      | Found a sand-covered staircase.
  3488 | Ossuary  | Entered an ossuary
  3596 | Ossuary  | Slain by a mummy

Skill      XL: |  1  2  3  4  5  6 |
---------------+-------------------+-----
Spellcasting   | 3 4 |  4.2
Short Blades   | 2 3 |  3.6
Hexes          | 4 |  4.8
Stealth        | 5 6 7 |  7.8
Ice Magic      | 1 2 |  2.9
Fighting       | 1 |  1.0
Dodging        | |  3.0

Action                   |  1- 3 |  4- 6 |  7- 9 || total
-------------------------+-------+-------+-------++-------
Melee: Dagger            |   128 |    35 |    59 ||   222
Throw: Stone             |       |       |     3 ||     3
 Cast: Corona            |     5 |       |     3 ||     8
       Ensorcelled Hiber |    15 |    12 |       ||    27
  Use: Scroll            |       |       |     6 ||     6
 Stab: Sleeping          |    11 |    12 |     1 ||    24
  Eat: Ration            |       |     1 |       ||     1
Armor: Robe              |     9 |       |    11 ||    20
Dodge: Dodged            |   109 |    13 |    25 ||   147
